 Dungeon Crawl Stone Soup version 0.27-a0-836-gfc908b8576 (webtiles) character file.

Game seed: 6010168181930591739

1104 Ge0ff the Slasher (level 8, -3/61 HPs)
             Began as a Djinni Delver on Apr 1, 2021.
             Was a Follower of Ashenzari.
             Killed by divine providence
             ... invoked by an orc priest
              (14 damage)
             ... on level 6 of the Dungeon.
             The game lasted 00:20:14 (6419 turns).

Ge0ff the Slasher (Djinni Delver)                   Turns: 6419, Time: 00:20:15

Health: -3/61      AC:  9    Str: 11    XL:     8   Next: 32%
Gold:   801        EV:  6    Int: 13    God:    Ashenzari [*.....] SH:  0 Dex: 16

rFire    + + .     SeeInvis .   a - +2 whip of Supernal Knowledge {venom, Fort, Self} (curse)
rCold    x . .     Faith    .   (no shield)
rNeg     . . .     Spirit   .   R - +0 chain mail
rPois    ∞         Reflect  .   Q - +0 hat "Profound Yoke" {Evo, Melee} (curse)
rElec    .         Harm     .   (no cloak)
rCorr    .         Rampage  .   (no gloves)
Will     .....                  (boots unavailable)
Stlth    ..........             (no amulet)
HPRegen  0.20/turn              (no ring)
MPRegen  0.00/turn              (no ring)

@: silenced, flying, hasted, very quick
A: fire resistance 2, cold vulnerability 1, float, innate caster, hp casting,
extra vitality 1
a: Renounce Religion, Shatter the Chains


You were on level 6 of the Dungeon.
You worshipped Ashenzari.
Ashenzari was aware of your devotion.
You visited 2 branches of the dungeon, and saw 7 of its levels.

You collected 1917 gold pieces.
You spent 1116 gold pieces at shops.

Inventory:

Hand Weapons
 a - the cursed +2 whip of Supernal Knowledge (weapon) {venom, Fort, Self}
   (You found it on level 1 of the Dungeon)

   It poisons the flesh of those it strikes.
   It has a curse which improves the following skills: Fortitude: Armour and
   Shields.
   Introspection: Fighting and Spellcasting.
 b - a +0 hunting sling
 G - a +0 whip of electrocution
 K - a +0 whip of electrocution
 Y - a +0 short sword
Missiles
 v - 5 curare-tipped darts {=f}
 I - 225 stones (quivered)
 L - 21 bolts
 O - 6 poisoned darts
 S - 70 sling bullets
 Z - 2 datura-tipped darts {=f}
Armour
 D - a scarf of harm
 E - a +1 helmet
 Q - the cursed +0 hat "Profound Yoke" (worn) {Evo, Melee}
   (You found it on level 3 of the Dungeon)

   It has a curse which improves the following skills: Evocations: Evocations.
   Melee Combat: Short Blades, Long Blades, Axes, Maces & Flails, Polearms,
   Staves and Unarmed Combat.
 R - a +0 chain mail (worn)
 U - a +0 ring mail
Wands
 d - a wand of digging (11)
 e - a wand of charming (12)
 j - a wand of acid (7)
 s - a wand of mindburst (5)
 x - a wand of random effects (22)
Scrolls
 B - 2 scrolls of enchant weapon
 C - 2 scrolls of enchant armour
 F - a scroll of fog
 T - 6 scrolls of teleportation
 V - 2 scrolls of vulnerability
Potions
 z - a potion of brilliance
 A - 2 potions of attraction
 H - a potion of haste {!q}
 M - a potion of might
 N - 3 potions of cancellation {!q}
 P - a potion of mutation {!q}


   Skills:
 - Level 4.8(5.8) Fighting
 - Level 3.0(5.0) Short Blades
 + Level 4.9(6.2) Long Blades
 - Level 1.1(1.7) Maces & Flails
 - Level 2.0 Throwing
 - Level 2.4(3.3) Armour
 - Level 3.0 Dodging
 - Level 4.1 Stealth
 - Level 1.5(2.2) Spellcasting
 - Level 2.9(3.8) Evocations


You had 5 spell levels left.
You knew the following spells:

 Your Spells              Type           Power      Damage    Failure   Level
c - Blink                 Tloc           N/A        N/A       100%        2
g - Apportation           Tloc           14%        N/A       99%         1
C - Gell's Gravitas       Tloc           3%         N/A       100%        3
Your spell library was empty.


Dungeon Overview and Level Annotations

Branches:
Dungeon (6/15)             Temple (1/1) D:4

Altars:
Ashenzari
Cheibriados
Dithmenos
Fedhas
Gozag
Makhleb
Okawaru
Qazlal
Ru
Sif Muna
Uskayaw
Wu Jian
Xom
Yredelemnul
Zin
The Shining One

Shops:
D:1 *   D:4 (:*

Annotations:
D:6 Dowan, Duvessa


Innate Abilities, Weirdness & Mutations

You are immune to poison.
Your flesh is very heat resistant. (rF++)
You are vulnerable to cold. (rC-)
You float through the air rather than walking.
You learn spells naturally, not from books.
Your magical power is your life essence.
You have superior vitality. (+4 HP)


Message History

You kill the orc wizard!
Duvessa barely misses you. Dowan closely misses you.
You hit Dowan.
Dowan looks as sick as possible!
Dowan is moderately wounded.
Duvessa hits you with a +1 short sword of venom.
You closely miss Duvessa.
Duvessa is moderately wounded.
Dowan hits you but does no damage.
The orc priest casts a cantrip, but nothing happens.
The orc wizard casts a spell at itself.
The orc wizard flickers and vanishes!
Deactivating autopickup; reactivate with Ctrl-A.
You hit Duvessa.
Duvessa is moderately wounded.
Duvessa hits you but does no damage. Dowan hits you with a +0 dagger.
You hit Duvessa but do no damage.
Duvessa looks as sick as possible!
Duvessa is heavily wounded.
Duvessa hits you with a +1 short sword of venom.
Dowan hits you but does no damage.
You hit Duvessa.
Duvessa is heavily wounded.
You completely miss Duvessa.
Duvessa is severely wounded.
Duvessa hits you but does no damage. Dowan barely misses you.
Your chain mail prevents you from hitting Duvessa.
Duvessa is severely wounded.
Duvessa barely misses you. Dowan hits you but does no damage.
You hit Duvessa.
Duvessa looks as sick as possible!
Duvessa is severely wounded.
The orc priest invokes the aid of Beogh against you.
Beogh smites you!
* * * LOW HITPOINT WARNING * * *
You feel better. Duvessa hits you but does no damage.
Dowan hits you with a +0 dagger.
* * * LOW HITPOINT WARNING * * *
Your chain mail prevents you from hitting Duvessa.
Duvessa is almost dead.
The orc priest invokes the aid of Beogh against you.
Beogh smites you!
You die... ##.. # .....# #. ...#.# .###o. #.# ..oo# #.# o{o

#.# #e# #.#
#@####o# #e)..#.#
, #......#
#.#......#######
#........#.....#
###......#.....#
#......#.....#
####......#'######
#.....##.......


You could see Duvessa (extremely poisoned), Dowan (very poisoned), an orc
priest, an orc wizard and 3 orcs.

Vanquished Creatures
  Menkaure (D:5)
  A sky beast (D:6)
  2 necrophages
  3 ogres
  A scorpion (D:5)
  A water moccasin skeleton (D:5)
  An orc priest (D:5)
  2 iguanas (D:6)
  Terence (D:3)
  3 orc wizards
  7 adders
  A shadow imp (D:5)
  A white imp (D:6)
  2 worms
  3 dart slugs
  14 orcs
  5 ball pythons
  3 bats
  7 endoplasms
  3 giant cockroaches
  4 goblins
  6 hobgoblins
  6 jackals
  2 quokkas
  3 frilled lizards
  3 kobolds
  3 rats
89 creatures vanquished.

Notes
Turn   | Place    | Note
-------+----------+-------------------------------------------
     0 | D:5      | Ge0ff the Djinni Delver began the quest for the Orb.
     0 | D:5      | Reached XP level 1. HP: 20/20 MP: 0/0
     3 | D:6      | Noticed an ogre
    19 | D:5      | Noticed a scorpion
   109 | D:4      | Found a staircase to the Ecumenical Temple.
   121 | Temple   | Entered the Ecumenical Temple
   183 | Temple   | Became a worshipper of Ashenzari the Shackled
   306 | D:2      | Identified a scroll of acquirement
   435 | D:2      | Reached XP level 2. HP: 25/25 MP: 0/0
   493 | D:1      | Found Suronorgh's Assorted Antiques.
   515 | D:1      | Acquired 1220 gold pieces
   519 | D:1      | Bought 2 green potions for 59 gold pieces
   519 | D:1      | Bought a metallic silvery potion for 29 gold pieces
   519 | D:1      | Bought a scroll labelled PEER BOFURPHIM for 33 gold pieces
   519 | D:1      | Bought a copper wand for 132 gold pieces
   519 | D:1      | Bought 3 scrolls of teleportation for 297 gold pieces
   519 | D:1      | Bought a scroll of teleportation for 99 gold pieces
   519 | D:1      | Bought a bone wand for 132 gold pieces
   519 | D:1      | Bought a scroll labelled MODOFF FIYRGHEE for 33 gold pieces
   547 | D:2      | Reached XP level 3. HP: 29/30 MP: 0/0
   547 | D:2      | Learned a level 1 spell: Apportation
   778 | D:1      | Reached skill level 1 in Evocations
  1145 | D:1      | Reached skill level 1 in Armour
  1434 | D:2      | Found an iron altar of Okawaru.
  1560 | D:2      | Found a blossoming altar of Fedhas.
  1730 | D:3      | Reached * piety under Ashenzari
  1970 | D:3      | Reached XP level 4. HP: 38/38 MP: 0/0
  2439 | D:3      | Noticed Terence
  2453 | D:3      | Killed Terence
  2542 | D:3      | Reached skill level 1 in Maces & Flails
  2876 | D:4      | Found Vogytaz's Book Shop.
  2991 | D:4      | Reached ** piety under Ashenzari
  3070 | D:4      | Reached XP level 5. HP: 37/43 MP: 0/0
  3070 | D:4      | Learned a level 2 spell: Blink
  3450 | D:4      | Found Rymn's Weapon Shop.
  3461 | D:4      | Bought 5 curare-tipped darts for 36 gold pieces
  3783 | D:4      | Found a burning altar of Makhleb.
  3786 | D:4      | Found a glowing silver altar of Zin.
  3787 | D:4      | Noticed an Executioner
  3787 | D:4      | Noticed an angel
  3909 | D:4      | Found a glowing golden altar of the Shining One.
  3926 | D:4      | Found Lazam's Assorted Antiques.
  3929 | D:4      | Bought a scroll labelled EMOGAX GUYRARCH for 28 gold pieces
  3929 | D:4      | Bought a scroll labelled QATOMNERR for 28 gold pieces
  3929 | D:4      | Bought a scroll of enchant armour for 210 gold pieces
  3930 | D:4      | Acquired 462 gold pieces
  3978 | D:5      | Noticed an ogre
  3991 | D:5      | Killed an ogre
  3992 | D:5      | Reached skill level 1 in Throwing
  3992 | D:5      | Reached skill level 1 in Spellcasting
  3992 | D:5      | Reached XP level 6. HP: 40/49 MP: 0/0
  4373 | D:5      | Reached XP level 7. HP: 32/57 MP: 0/0
  4373 | D:5      | Learned a level 3 spell: Gell's Gravitas
  4913 | D:5      | Found a sacrificial altar of Ru.
  5126 | D:5      | Noticed Menkaure
  5128 | D:5      | Killed Menkaure
  5538 | D:6      | Reached XP level 8. HP: 64/64 MP: 0/0
  6373 | D:6      | Noticed Dowan
  6394 | D:6      | Noticed Duvessa
  6419 | D:6      | Killed from afar by an orc priest

Illustrated notes

Levels and vault maps discovered:
D:1:      wander_arrival_abandoned_jail, layout_basic, serial_shops, shop
D:2:      layout_rooms, fedhas_altar_fruit_tree, okawaru_gym_becter
D:3:      layout_loops_corners, uniq_terence
D:4:      layout_loops_ring, grunt_temple_overflow_order_and_chaos_2,
          kennysheep_mini, minmay_temple_entry_arrows, serial_shops,
          kennysheep_mini_moat, shop, shop
D:5:      layout_loops_ring, old_standard_altar, uniq_menkaure
D:6:      layout_basic, uniq_edmund, uniq_duvessa
Temple:   eino_wide_crystal_templ

Skill      XL: |  1  2  3  4  5  6  7  8 |
---------------+-------------------------+-----
Short Blades   | 2 3 |  3.0
Evocations     | 1 2 |  2.9
Armour         | 1 2 |  2.4
Maces & Flails | 1 |  1.1
Dodging        | 3 |  3.0
Throwing       | 1 2 |  2.0
Spellcasting   | 1 |  1.5
Fighting       | 4 |  4.8
Long Blades    | 3 4 |  4.9
Stealth        | |  4.1

Action                   |  1- 3 |  4- 6 |  7- 9 || total
-------------------------+-------+-------+-------++-------
Melee: Short sword       |    26 |       |       ||    26
       Whip              |    26 |   119 |   113 ||   258
 Fire: Hunting sling     |    53 |       |       ||    53
Throw: Stone             |    38 |    60 |    12 ||   110
Invok: Curse Item        |     2 |     1 |       ||     3
       Shatter the Chain |       |       |     1 ||     1
Evoke: Wand              |     1 |       |     2 ||     3
  Use: Scroll            |     3 |     1 |     3 ||     7
       Potion            |       |       |     4 ||     4
 Stab: Sleeping          |     1 |     3 |     4 ||     8
Armor: Leather armour    |    14 |     9 |    10 ||    33
       Chain mail        |       |       |    32 ||    32
Dodge: Dodged            |    40 |    64 |    39 ||   143

Table legend: (Time is in decaauts)
 A = Elapsed time spent in this place.
 B = Non-inter-level travel time spent in this place.
 C = Inter-level travel time spent in this place.
 D = Time resting spent in this place.
 E = Time spent auto-exploring this place.
 F = Levels seen in this place.
 G = Mean time per level.
                   A        B        C        D        E       F      G
               +--------+--------+--------+--------+--------+-----+--------+
         Total |   6441 |   6217 |    224 |    758 |   4029 |   7 |  920.1 |
       Dungeon |   6356 |   6169 |    187 |    758 |   3985 |   6 | 1059.3 |
        Temple |     84 |     47 |     37 |      0 |     44 |   1 |   84.0 |
               +--------+--------+--------+--------+--------+-----+--------+

Top non-repeatable levels by time:
     D:5: 1545 daAuts
     D:4: 1295 daAuts
     D:3: 1191 daAuts
     D:6: 903 daAuts
     D:1: 748 daAuts
     D:2: 672 daAuts
  Temple: 84 daAuts
